 Dungeon Crawl Stone Soup version 0.28.0-53-g5a82cb258f (webtiles) character file.

Game seed: 1173242958445282477

17813 safid the Severer (level 12, -4/105 (106) HPs)
             Began as a Hill Orc Fighter on Aug 18, 2022.
             Was a High Priest of Okawaru.
             Slain by an orc warrior
             ... wielding a +0 glaive
             ... led by an orc warlord
              (12 damage)
             ... on level 2 of the Orcish Mines.
             The game lasted 00:19:36 (14411 turns).

safid the Severer (Hill Orc Fighter)               Turns: 14411, Time: 00:19:37

HP:   -4/105 (106)  AC: 18    Str: 23 (24) XL:     12   Next: 51%
MP:   18/18         EV:  8    Int:  7 (8)  God:    Okawaru [*****.]
Gold: 260           SH:  4    Dex: 10      Spells: 11/11 levels left

rFire   + . .      SeeInvis +   a - +2 broad axe (elec)
rCold   . . .      Faith    .   c - +0 buckler
rNeg    . . .      Spirit   .   E - +0 plate armour
rPois   .          Reflect  .   (no helmet)
rElec   .          Harm     .   x - +1 cloak
rCorr   .          Rampage  .   H - +0 pair of gloves
Will    .....                   (no boots)
Stlth   ..........              n - amulet of regeneration
HPRegen 1.07/turn               K - ring of protection from fire
MPRegen 0.16/turn               M - ring of see invisible

@: mighty, on berserk cooldown, slowed, lightly drained, very slow
A: deterioration 1
a: Renounce Religion, Heroism, Finesse, Duel


You were on level 2 of the Orcish Mines.
You worshipped Okawaru.
Okawaru was extremely pleased with you.
You visited 4 branches of the dungeon, and saw 15 of its levels.

You collected 802 gold pieces.
You spent 542 gold pieces at shops.

Inventory:

Hand Weapons
 a - a +2 broad axe of electrocution (weapon)
Missiles
 e - 7 poisoned darts (quivered)
 G - a throwing net
Armour
 c - a +0 buckler (worn)
 x - a +1 cloak (worn)
 E - a +0 plate armour (worn)
 H - a +0 pair of gloves (worn)
Jewellery
 f - an amulet of reflection
 n - an amulet of regeneration (around neck)
 K - a ring of protection from fire (left hand)
 M - a ring of see invisible (right hand)
Wands
 j - a wand of acid (10)
 r - a wand of iceblast (10)
 B - a wand of flame (8)
 L - a wand of polymorph (5)
Scrolls
 b - a scroll of enchant armour {unknown}
 k - 3 scrolls of vulnerability
 l - 2 scrolls of amnesia
 m - a scroll of teleportation
 o - a scroll of enchant weapon {unknown}
 p - a scroll of summoning {unknown}
 v - a scroll of torment {unknown}
 w - 2 scrolls of immolation {unknown}
 y - 2 scrolls of blinking
 C - a scroll of holy word {unknown}
 F - 2 scrolls of magic mapping {unknown}
 I - a scroll of fog
Potions
 d - a potion of might
 g - a potion of cancellation {unknown}
 h - a potion of berserk rage
 i - 3 potions of mutation
 q - 5 potions of flight
 s - a potion of brilliance {unknown}
 t - 2 potions of curing
 u - a potion of heal wounds {unknown}
 z - a potion of resistance {unknown}
 A - a potion of attraction {unknown}
 D - a potion of invisibility {unknown}


   Skills:
 + Level 9.9 Fighting
 - Level 18.0 Axes
 + Level 9.2 Armour
 - Level 6.0 Dodging
 - Level 4.0 Shields
 + Level 8.2 Invocations


You had 11 spell levels left.
You didn't know any spells.
Your spell library contained the following spells:

 Spells                   Type           Power      Damage    Failure   Level
 Apportation              Tloc           0%         N/A       100%        1
 Beastly Appendage        Tmut           0%         N/A       100%        1
 Foxfire                  Conj/Fire      0%         2x1d4     100%        1
 Freeze                   Ice            0%         1d3       100%        1
 Pain                     Necr           0%         1d4       100%        1
 Wereblood                Tmut           0%         N/A       100%        2
 Conjure Flame            Conj/Fire      0%         6-21      100%        3
 Frozen Ramparts          Ice            0%         1d2       100%        3
 Inner Flame              Hex/Fire       0%         N/A       100%        3
 Spider Form              Tmut/Pois      0%         N/A       100%        3
 Vampiric Draining        Necr           0%         2d6       100%        3
 Flame Wave               Conj/Fire      0%         2d4       100%        4
 Hailstorm                Conj/Ice       0%         3d3       100%        4
 Storm Form               Tmut/Air       0%         N/A       100%        7
 Maxwell's Capacitive Co  Air            0%         ∞         100%        8
 Animate Skeleton         Necr           Unusable   N/A       N/A         1
 Summon Small Mammal      Summ           Unusable   N/A       N/A         1
 Summon Lightning Spire   Summ/Air       Unusable   N/A       N/A         4

Dungeon Overview and Level Annotations

Branches:
Dungeon (9/15)             Temple (1/1) D:6            Lair (3/6) D:9
  Swamp (0/4) Lair:2       Spider (0/4) Lair:2          Orc (2/2) D:9
    Elf: Orc:2

Altars:
Ashenzari
Cheibriados
Dithmenos
Elyvilon
Fedhas
Gozag
Hepliaklqana
Kikubaaqudgha
Makhleb
Nemelex Xobeh
Okawaru
Qazlal
Ru
Sif Muna
Trog
Uskayaw
Vehumet
Wu Jian
Xom
Yredelemnul
Zin
The Shining One

Shops:
D:4 !(   D:8 (   D:9 ?(

Annotations:
D:6 3 runed translucent doors, Jingleheimer's ghost, novice TeFi; cookedgoose's ghost, novice SpEE; zdrol's ghost, novice TrFi
Lair:1 3 runed translucent doors, bronco's ghost, journeyman OgHu


Innate Abilities, Weirdness & Mutations

Your body sometimes deteriorates upon taking damage.


Message History

The orc sorcerer barely misses you.
You barely miss the orc sorcerer.
The orc sorcerer is almost dead.
You hit the orc warrior.
The orc warrior hits you with a +0 glaive!
Unknown command.
You slice the orc sorcerer!!
You kill the orc sorcerer!
Okawaru accepts your kill.
You closely miss the orc warrior.
The orc warlord shoots a bolt.
The bolt hits you.
Unknown command.
You block the orc warrior's attack.
The orc warlord shoots a bolt.
The bolt hits you!!
* * * LOW HITPOINT WARNING * * *
Items here: )) [[ ††.
You feel a strong urge to attack something.
You are no longer berserk.
You are exhausted.
You feel yourself slow down.
The orc warlord unwields a +0 arbalest.
The orc warlord wields a +0 dire flail.
The orc warlord hits you with a +0 dire flail!
* * * LOW HITPOINT WARNING * * *
You block the orc wizard's attack.
The orc warlord hits you with a +0 dire flail.
* * * LOW HITPOINT WARNING * * *
The orc wizard hits you but does no damage.
You feel very mighty all of a sudden.
The orc warrior hits you but does no damage.
The orc warlord hits you with a +0 dire flail!
* * * LOW HITPOINT WARNING * * *
The orc wizard hits you with a +0 dagger.
* * * LOW HITPOINT WARNING * * *
Unknown command.
You slash the orc warlord!
Lightning courses through the orc warlord!
The orc warlord is moderately wounded.
You slash the orc wizard!
The orc warrior hits you from afar with a +0 glaive!
You die...

......##.....#
..............
#.............
#.............
..###............
...#.......<.....
.....^..o........
........@o.$.....
#...............#
.#.......o)......
#................
.......<[.)......
.....#.[.........
.................
................$
.................


You could see an orc warlord, an orc warrior (strong) and an orc wizard
(strong).

Vanquished Creatures
  A boulder beetle (Lair:2)
  Erica (D:9)
  2 two-headed ogres (D:9)
  An orc high priest (Orc:1)
  An orc knight (D:9)
  2 orc sorcerers
  A black mamba (Lair:2)
  Maggie (Lair:1)
  4 cane toads (Lair:2)
  3 komodo dragons
  9 blink frogs
  15 yaks
  A basilisk (Lair:2)
  3 steam dragons (D:9)
  3 wargs
  8 water moccasins
  17 orc warriors
  2 sky beasts (D:6)
  2 ice beasts
  A black bear (D:8)
  A necrophage (D:7)
  5 ogres
  2 hornet zombies
  8 wolves (Lair:1)
  2 centaurs
  A phantom (D:5)
  2 kobold brigands
  5 bullfrogs
  A scorpion (D:4)
  3 killer bees (D:9)
  5 wights
  2 howler monkeys
  2 bullfrog zombies
  A crimson imp (D:9)
  A centaur zombie (D:9)
  2 hounds (D:5)
  A jelly (D:6)
  A centaur skeleton (D:5)
  2 iguanas
  7 orc priests
  11 orc wizards
  4 hell rats (Lair:2)
  A scorpion zombie (D:5)
  A killer bee zombie (D:7)
  2 hound skeletons (D:4)
  4 gnolls
  6 adders
  A white imp (D:6)
  A worm (D:3)
  50 orcs
  12 ball pythons
  5 endoplasms
  6 goblins
  7 hobgoblins
  14 jackals
  2 quokkas
  4 bats (D:1)
  2 frilled lizards (D:1)
  21 kobolds
  7 rats
293 creatures vanquished.

Vanquished Creatures (others)
  An orc wizard (Orc:2)
  11 fungi
  15 plants
27 creatures vanquished.

Grand Total: 320 creatures vanquished

Notes
Turn   | Place    | Note
-------+----------+-------------------------------------------
     0 | D:1      | safid the Hill Orc Fighter began the quest for the Orb.
     0 | D:1      | Reached XP level 1. HP: 19/19 MP: 1/1
   165 | D:1      | Reached XP level 2. HP: 27/27 MP: 2/2
   175 | D:1      | Reached skill level 3 in Axes
   424 | D:1      | Reached XP level 3. HP: 33/33 MP: 3/3
  1063 | D:2      | Reached XP level 4. HP: 10/40 MP: 4/4
  1071 | D:1      | HP: 1/40 [gnoll/+0 club (3)]
  1074 | D:1      | Reached skill level 4 in Axes
  2298 | D:3      | Reached skill level 5 in Axes
  2561 | D:3      | Reached XP level 5. HP: 44/46 MP: 5/5
  2715 | D:3      | Found a faded altar of an unknown god.
  3125 | D:4      | Reached skill level 6 in Axes
  3440 | D:4      | Found Keimuq's Distillery.
  3448 | D:4      | Bought a potion of berserk rage for 65 gold pieces
  3448 | D:4      | Bought a potion of degeneration for 13 gold pieces
  3448 | D:4      | Bought a potion of lignification for 39 gold pieces
  3493 | D:4      | Reached XP level 6. HP: 32/52 MP: 6/6
  3784 | D:4      | Reached skill level 7 in Axes
  3813 | D:4      | Found Ypregeub's Weapon Shop.
  4075 | D:5      | Entered Level 5 of the Dungeon
  4317 | D:5      | Reached skill level 8 in Axes
  4494 | D:5      | Reached XP level 7. HP: 59/59 MP: 7/7
  4628 | D:5      | Reached skill level 9 in Axes
  5197 | D:6      | Found a runed translucent gate.
  5197 | D:6      | Found a runed translucent gate.
  5197 | D:6      | Found a runed translucent gate.
  5198 | D:6      | Noticed Jingleheimer's ghost (novice TeFi)
  5198 | D:6      | Noticed zdrol's ghost (novice TrFi)
  5198 | D:6      | Noticed cookedgoose's ghost (novice SpEE)
  5226 | D:6      | Reached skill level 10 in Axes
  5426 | D:6      | Found a staircase to the Ecumenical Temple.
  5510 | Temple   | Entered the Ecumenical Temple
  5741 | Temple   | Became a worshipper of Warmaster Okawaru
  5856 | D:6      | Reached XP level 8. HP: 66/66 MP: 8/8
  5861 | D:6      | Reached skill level 11 in Axes
  6369 | D:7      | Reached skill level 12 in Axes
  6378 | D:7      | HP: 4/99 [orc warrior/+0 mace (3)]
  7007 | D:7      | Reached skill level 13 in Axes
  7016 | D:6      | Reached * piety under Okawaru
  7372 | D:7      | Reached XP level 9. HP: 54/71 MP: 9/9
  7731 | D:7      | Reached skill level 14 in Axes
  7865 | D:7      | Identified the +3 short sword of the King {vorpal, rC+}
  8010 | D:7      | Reached ** piety under Okawaru
  8011 | D:7      | Reached skill level 15 in Axes
  8453 | D:8      | Found a sacrificial altar of Ru.
  8456 | D:8      | Found a basalt altar of Yredelemnul.
  8663 | D:8      | Reached skill level 16 in Axes
  8870 | D:8      | Found Fyenovui's Weapon Boutique.
  8878 | D:8      | Bought a +2 broad axe of electrocution for 308 gold pieces
  9247 | D:9      | Found a staircase to the Orcish Mines.
  9260 | D:9      | Reached skill level 1 in Dodging
  9569 | D:9      | Reached XP level 10. HP: 27/80 MP: 10/10
  9874 | D:9      | Reached *** piety under Okawaru
  9875 | D:9      | Reached skill level 5 in Fighting
 10093 | D:9      | Found Honu's Magic Scroll Shop.
 10099 | D:9      | Found Alaaxo's Weapon Emporium.
 10111 | D:9      | Bought a throwing net for 33 gold pieces
 10128 | D:9      | Bought a scroll of fog for 28 gold pieces
 10128 | D:9      | Bought a scroll of teleportation for 42 gold pieces
 10128 | D:9      | Bought a scroll of noise for 14 gold pieces
 10166 | D:9      | Found a staircase to the Lair.
 10206 | D:9      | Noticed Erica
 10215 | D:9      | Killed Erica
 10216 | D:9      | Reached skill level 5 in Armour
 10447 | D:9      | Noticed a two-headed ogre
 10458 | D:9      | HP: 2/81 [two-headed ogre/+0 giant spiked club (3)]
 10460 | D:9      | Killed a two-headed ogre
 10461 | D:9      | Reached skill level 17 in Axes
 10821 | D:9      | Found a radiant altar of Vehumet.
 10822 | D:9      | Found a burning altar of Makhleb.
 11193 | Lair:1   | Entered Level 1 of the Lair of Beasts
 11214 | Lair:1   | Reached **** piety under Okawaru
 11242 | Lair:1   | Reached skill level 1 in Invocations
 11374 | Lair:1   | You fall into a shaft and drop 1 floor!
 11391 | Lair:2   | Noticed a black mamba
 11503 | Lair:2   | Noticed a cane toad
 11511 | Lair:2   | Killed a cane toad
 11512 | Lair:2   | Reached XP level 11. HP: 59/91 MP: 12/12
 11788 | Lair:2   | Reached ***** piety under Okawaru
 11793 | Lair:2   | Reached skill level 18 in Axes
 11936 | Lair:2   | Found a hole to the Spider Nest.
 12237 | Lair:1   | Noticed Maggie
 12239 | Lair:1   | Identified the +9 plate armour of Mumblety Peg {Harm Drain
                  | +Inv} (Okawaru gifted it to you on level 1 of the Lair of
                  | Beasts)
 12239 | Lair:1   | Received a gift from Okawaru
 12247 | Lair:1   | Killed Maggie
 12614 | Lair:1   | Found a runed translucent gate.
 12614 | Lair:1   | Found a runed translucent gate.
 12614 | Lair:1   | Found a runed translucent gate.
 12657 | Lair:1   | Reached skill level 5 in Invocations
 12813 | Lair:1   | Found a blossoming altar of Fedhas.
 12837 | Lair:1   | Identified the +7 hunting sling of the Final Chapter
                  | {flame, Will+ Dex+2}
 12867 | Lair:1   | Noticed bronco's ghost (journeyman OgHu)
 12896 | Lair:2   | Found a staircase to the Swamp.
 12998 | Lair:2   | Noticed an eight-headed hydra
 13162 | Lair:2   | Reached skill level 5 in Dodging
 13212 | Lair:2   | Noticed a boulder beetle
 13220 | Lair:2   | Killed a boulder beetle
 13306 | Lair:2   | Reached XP level 12. HP: 102/103 MP: 16/16
 13581 | Lair:3   | Noticed a seven-headed hydra
 13644 | Orc:1    | Entered Level 1 of the Orcish Mines
 13644 | Orc:1    | Noticed a two-headed ogre
 13644 | Orc:1    | Noticed an orc high priest
 13658 | D:9      | HP: 3/103 [orc/+0 flail[an orc knight] (8)]
 13797 | D:9      | Killed a two-headed ogre
 13917 | Orc:1    | Killed an orc high priest
 14157 | Orc:2    | Entered Level 2 of the Orcish Mines
 14160 | Orc:2    | Noticed an orc warlord
 14180 | Orc:1    | Received a gift from Okawaru
 14317 | Orc:2    | Gained mutation: Your body sometimes deteriorates upon
                  | taking damage. [a neqoxec]
 14411 | Orc:2    | Slain by an orc warrior

Illustrated notes

Levels and vault maps discovered:
D:1:      ncdulo_smallfort, layout_basic, minmay_misc_feat_square
D:2:      layout_rooms
D:3:      layout_loops_ring, dilly_ecumenical_altar_fadedgnrine
D:4:      layout_rooms, serial_shops, shop, shop
D:5:      layout_loops_cross
D:6:      nicolae_cairo_tiling, layout_basic, minmay_temple_entry_overgrown,
          gammafunk_ghost_cemetery
D:7:      layout_loops_ring
D:8:      layout_loops_ring, chequers_temple_overflow_statue_of_worship,
          serial_shops, shop
D:9:      layout_small_grid, grunt_temple_overflow_lords_of_destruction,
          dpeg_oklobed_lair, orc_david_3, enter_bailey_4, serial_shops,
          kennysheep_mini_moat, uniq_erica
Temple:   mainiacjoe_temple_coin_purse
Lair:1:   layout_misc_corridors, basic_altar, gammafunk_ghost_icy,
          nicolae_lair_grazing_beasts [nicolae_sub_lair_graze_edge,
          nicolae_sub_lair_graze_edge, nicolae_sub_lair_graze_edge,
          nicolae_sub_lair_graze_edge], grunt_megastairs_5, uniq_maggie
Lair:2:   layout_roguey, swamp_mist, spider_nest_entry_web_field,
          grunt_megastairs_4
Lair:3:   gammafunk_mikee_crab_dinner, layout_regular_city, basic_altar
Orc:1:    layout_caves, mines2_lemuel
Orc:2:    st_orc_ogre_mass, layout_caves, gauntlet_entry_generic,
          nicolae_shop_self_help

Skill      XL: |  1  2  3  4  5  6  7  8  9 10 11 12 |
---------------+-------------------------------------+-----
Axes           | 3 5 6 8 10 13 16 17 18 | 18.0
Fighting       | 4 6 8 9 |  9.9
Armour         | 4 6 8 9 |  9.2
Shields        | 4 |  4.0
Dodging        | 1 3 5 6 |  6.0
Invocations    | 2 6 8 |  8.2

Action                   |  1- 3 |  4- 6 |  7- 9 | 10-12 || total
-------------------------+-------+-------+-------+-------++-------
Melee: War axe           |    88 |   243 |   310 |       ||   641
       Broad axe         |       |       |    33 |   370 ||   403
  Use: Scroll            |       |       |     5 |     5 ||    10
       Potion            |       |       |     1 |     6 ||     7
Armor: Scale mail        |    61 |    76 |    39 |       ||   176
       Chain mail        |       |       |    66 |       ||    66
       Plate armour      |       |       |     3 |   147 ||   150
Dodge: Dodged            |    57 |    83 |   104 |   109 ||   353
Block: Buckler           |    27 |   107 |   109 |   116 ||   359
       Reflection        |       |     1 |     5 |     1 ||     7
